AoeStats
← FallenFighter dreifuet

Arabia

510580727Analyzed
1v1 RM · 2d ago on Oct 1, 2026· 46m 50s· 2 players
Game mode
Random Map
Map size
Tiny (2 player)
Population
200
Speed
Normal
Resources
Standard
Victory
Conquest
Starting age
Dark Age
Ending age
Imperial Age
RankedLock teamsTeams togetherTeam positionsShared explorationLock speedFull tech treeHidden civsTurbo modeCheats
Victory
Defeat
🇰🇿 Magyars · Kazakhstan
1029
+15
🇩🇪 Spanish · Germany
1001
-15
Eldarion247
10:08 Feudal Age
15:36 Double-Bit Axe
19:45 Castle Age
18:45 Horse Collar
23:27 Heavy Plow
31:54 Scale Barding Armor
40:12 Imperial Age
39:05 Bloodlines
39:35 Wheelbarrow
40:45 Chain Barding Armor
42:51 Loom
42:31 Cavalier
44:30 Forging
FallenFighter dreifuet
8:38 Loom
10:50 Feudal Age
16:02 Castle Age
14:59 Double-Bit Axe
15:22 Horse Collar
17:00 Stone Mining
18:14 Town Watch
19:29 Bow Saw
22:42 Gold Mining
24:59 Wheelbarrow
24:11 Pikeman
25:46 Heavy Plow
29:28 Hand Cart
29:40 Fletching
31:14 Gold Shaft Mining
31:11 Corvinian Army
31:39 Bodkin Arrow
32:23 Padded Archer Armor
32:29 Scale Barding Armor
33:23 Thumb Ring
34:53 Town Patrol
35:18 Ballistics
38:11 Imperial Age
36:23 Leather Archer Armor
37:42 Chain Barding Armor
40:06 Bloodlines
39:57 Husbandry
41:20 Bracer
41:52 Ring Archer Armor
42:24 Plate Barding Armor
43:38 Chemistry
43:38 Crop Rotation
44:15 Two-Man Saw
44:01 Parthian Tactics
45:29 Siege Engineers
44:52 Heavy Cavalry Archer
Connection lost

Rejoining the realm…

Still unreachable

The connection could not be restored.

Session expired

The server has moved on; the page needs a fresh start.